 Dungeon Crawl Stone Soup version 0.28-a0-1624-g820543e53a (webtiles) character file.

Game seed: 13057495060713488593

212 Shayle the Skirmisher (level 5, -1/42 HPs)
             Began as a Demonspawn Warper on Jan 24, 2022.
             Slain by an orc (2 damage)
             ... on level 3 of the Dungeon.
             The game lasted 00:10:30 (3780 turns).

Shayle the Skirmisher (Demonspawn Warper)           Turns: 3780, Time: 00:10:31

Health: -1/42      AC:  8    Str: 11    XL:     5   Next: 58%
Magic:  0/8        EV: 10    Int: 15    God:
Gold:   54         SH:  0    Dex: 14    Spells: 8/8 levels left

rFire   . . .      SeeInvis .     - Unarmed
rCold   . . .      Faith    .   (no shield)
rNeg    . . .      Spirit   +   f - +0 ring mail
rPois   .          Reflect  .   (no helmet)
rElec   .          Harm     .   (no cloak)
rCorr   .          Rampage  .   g - +0 pair of gloves
Will    .....                   (no boots)
Stlth   ++........              i - amulet of guardian spirit
HPRegen 0.14/turn               (no ring)
MPRegen 0.11/turn               (no ring)

@: no status effects
A: thin metallic scales 1
a: no special abilities


You were on level 3 of the Dungeon.
You visited 1 branch of the dungeon, and saw 3 of its levels.

You collected 54 gold pieces.

Inventory:

Missiles
 h - 5 poisoned darts (quivered)
Armour
 a - a +0 leather armour
 f - a +0 ring mail (worn)
 g - a +0 pair of gloves (worn)
Jewellery
 i - an amulet of guardian spirit (around neck)
Scrolls
 b - a scroll of noise
 d - a scroll of enchant weapon


   Skills:
 + Level 3.7 Fighting
 - Level 0.8 Throwing
 - Level 0.8 Armour
 - Level 1.7 Dodging
 + Level 2.9 Stealth
 + Level 3.3 Unarmed Combat
 - Level 2.0 Spellcasting
 - Level 2.6 Translocations


You had 8 spell levels left.
You didn't know any spells.
Your spell library contained the following spells:

 Spells                   Type           Power      Damage    Failure   Level
 Blink                    Tloc           18%        N/A       26%         2
 Sandblast                Erth           2%         2d4       47%         1
 Gell's Gravitas          Tloc           9%         N/A       47%         3
 Lesser Beckoning         Tloc           9%         N/A       47%         3
 Teleport Other           Tloc           9%         N/A       47%         3
 Passwall                 Tmut/Erth      0%         N/A       63%         2
 Stone Arrow              Conj/Erth      2%         3d7       85%         3
 Airstrike                Air            0%         N/A       99%         4
 Summon Lightning Spire   Summ/Air       1%         N/A       99%         4
 Manifold Assault         Tloc           9%         N/A       99%         5
 Lightning Bolt           Conj/Air       0%         1d11      100%        5
 Storm Form               Tmut/Air       0%         N/A       100%        7


Dungeon Overview and Level Annotations

Branches:
Dungeon (3/15)

Altars:
Nemelex Xobeh


Innate Abilities, Weirdness & Mutations

You are partially covered in thin metallic scales. (AC +2)


Message History

The orc wizard is heavily wounded.
The orc wizard hits you but does no damage.
The goblin hits you but does no damage.
You hit the orc wizard.
The orc wizard is severely wounded.
The orc wizard closely misses you. The goblin hits you but does no damage.
You hit the orc wizard.
You kill the orc wizard!
The goblin hits you but does no damage. The orc is attracted toward you. x2
The endoplasm is attracted toward you.
You hit the orc.
The orc is almost dead.
The goblin barely misses you. The orc hits you but does no damage.
You hit the orc.
You kill the orc!
The goblin barely misses you. The endoplasm is attracted toward you.
You completely miss the orc. The orc hits you but does no damage.
The goblin closely misses you.
You barely miss the orc. Your punch misses the orc.
The orc hits you but does no damage. The goblin hits you but does no damage.
You hit the orc but do no damage. The orc hits you with a +0 whip.
* * * LOW HITPOINT WARNING * * *
The goblin closely misses you.
You hit the orc but do no damage. The orc hits you with a +0 whip.
* * * LOW HITPOINT WARNING * * *
The goblin hits you but does no damage.
You hit the orc.
The orc is moderately wounded.
The orc hits you but does no damage. The goblin hits you but does no damage.
You feel less attractive to monsters.
You hit the orc.
The orc is almost dead.
The orc hits you but does no damage. The goblin hits you but does no damage.
You hit the orc.
You kill the orc!
The goblin barely misses you.
You hit the orc. Your punch misses the orc.
The orc is moderately wounded.
The orc hits you with a +0 dagger.
You die...

####.# ..# +# #.#
#.##### #.# #.#...
#.##. ##.#.# .....
##....# ..### .....#
.. ###
#>##########....#...#
#....Jo@gSroh.......#
#############.#.....
#.# ### #S# #.# #r#
##.####### #..o.S.r.#
#..#####o#


You could see a black bear, 2 orcs, an endoplasm, a goblin, a ball python and a
rat.

Vanquished Creatures
  A hound (D:3)
  3 orc wizards (D:3)
  A gnoll (D:1)
  2 adders (D:2)
  2 worms (D:2)
  A dart slug (D:1)
  9 orcs (D:3)
  5 ball pythons
  3 endoplasms (D:2)
  A giant cockroach (D:1)
  7 hobgoblins
  7 jackals
  3 kobolds
  3 quokkas
  7 bats
  A frilled lizard (D:1)
  A goblin (D:1)
  6 rats
63 creatures vanquished.

Vanquished Creatures (others)
  11 plants (D:1)
11 creatures vanquished.

Grand Total: 74 creatures vanquished

Notes
Turn   | Place    | Note
-------+----------+-------------------------------------------
     0 | D:1      | Shayle the Demonspawn Warper began the quest for the Orb.
     0 | D:1      | Reached XP level 1. HP: 16/16 MP: 3/3
   720 | D:1      | Gained mutation: You are partially covered in thin metallic
                  | scales. (AC +2) [demonic ancestry]
   720 | D:1      | Reached XP level 2. HP: 20/22 MP: 5/5
   842 | D:1      | Reached skill level 1 in Stealth
  1162 | D:1      | Reached XP level 3. HP: 15/28 MP: 6/6
  2703 | D:2      | Reached XP level 4. HP: 35/35 MP: 4/7
  3241 | D:3      | Noticed a black bear
  3296 | D:3      | Reached XP level 5. HP: 28/41 MP: 6/8
  3492 | D:3      | Found a sparkling altar of Nemelex Xobeh.
  3776 | D:3      | HP: 1/42 [orc (3)]
  3780 | D:3      | Slain by an orc

Illustrated notes

Levels and vault maps discovered:
D:1:      erik_arrival_triangle_small, layout_basic, serial_bayou_pond_c,
          patterned_corridor
D:2:      layout_basic
D:3:      layout_loops_corners, overflow_temple_1_default

Skill      XL: |  1  2  3  4 |
---------------+-------------+-----
Unarmed Combat | 2 3 |  3.3
Stealth        | 1 2 |  2.9
Fighting       | 3 |  3.7
Throwing       | |  0.8
Armour         | |  0.8
Dodging        | |  1.7
Spellcasting   | |  2.0
Translocations | |  2.6

Action                   |  1- 3 |  4- 6 || total
-------------------------+-------+-------++-------
Melee: Unarmed           |   207 |   193 ||   400
       Punch             |     3 |     6 ||     9
Throw: Boomerang         |     4 |     1 ||     5
       Dart              |     3 |       ||     3
  Use: Scroll            |     3 |     3 ||     6
       Potion            |       |     2 ||     2
 Stab: Sleeping          |     1 |       ||     1
Armor: Leather armour    |    16 |       ||    16
       Ring mail         |    93 |   139 ||   232
Dodge: Dodged            |   146 |   125 ||   271

Table legend: (Time is in decaauts)
 A = Elapsed time spent in this place.
 B = Non-inter-level travel time spent in this place.
 C = Inter-level travel time spent in this place.
 D = Time resting spent in this place.
 E = Time spent auto-exploring this place.
 F = Levels seen in this place.
 G = Mean time per level.
                   A        B        C        D        E       F      G
               +--------+--------+--------+--------+--------+-----+--------+
         Total |   3763 |   3729 |     34 |   1186 |   1321 |   3 | 1254.3 |
       Dungeon |   3763 |   3729 |     34 |   1186 |   1321 |   3 | 1254.3 |
               +--------+--------+--------+--------+--------+-----+--------+

Top non-repeatable levels by time:
     D:1: 2127 daAuts
     D:2: 883 daAuts
     D:3: 753 daAuts
